PBL
COLORADO ROCKIES @ SEATTLE MARINERS
09/29/2052
 
TOP OF THE 1ST
Colorado Rockies batting - Pitching for Seattle Mariners : RHP Xavier Sánchez
Pitching: RHP Xavier Sánchez
Batting: RHB Mun-wah Er 0-0: Called Strike
0-1: Ball
1-1: Ball
2-1: Ball
3-1: Base on Balls
Batting: RHB Shi-ping Zha 0-0: Ball
1-0: Ball
2-0: Called Strike
2-1: Swinging Strike
2-2: Strikes out looking
Batting: RHB Duane Hansen 0-0: Ball
1-0: Foul Ball, location: 2F
1-1: Ball
2-1: Fly out, F8 (Flyball, 89M, EV 86.3 MPH)
Batting: RHB Vincent Watson 0-0: Called Strike
0-1: Ball
1-1: Ball
2-1: Foul Ball, location: 2F
2-2: Strikes out swinging
Top of the 1st over - 0 runs, 0 hits, 0 errors, 1 left on base; Colorado 0 - Seattle 0
BOTTOM OF THE 1ST
Seattle Mariners batting - Pitching for Colorado Rockies : RHP Bill Cook
Pitching: RHP Bill Cook
Batting: LHB Artie Allen 0-0: SINGLE (Groundball, 4MD, EV 103.1 MPH)
Batting: RHB Paul Doss 0-0: Ball
1-0: Ball
2-0: Ball
3-0: Called Strike
3-1: Fielders Choice at 2nd, 6-4 (Groundball, 6, EV 81.3 MPH)
Batting: LHB Manny Ruíz 0-0: Ball
1-0: Foul Ball, location: 2F
1-1: Foul Ball, location: 2F
1-2: Strikes out swinging
Batting: LHB J.J. Hurst 0-0: Ball
1-0: Called Strike
1-1: Ground out 4-3 (Groundball, 4, EV 85.6 MPH)
Bottom of the 1st over - 0 runs, 1 hit, 0 errors, 1 left on base; Colorado 0 - Seattle 0
TOP OF THE 2ND
Colorado Rockies batting - Pitching for Seattle Mariners : RHP Xavier Sánchez
Batting: RHB Eric Webb 0-0: Ball
1-0: Ball
2-0: Ball
3-0: Called Strike
3-1: Base on Balls
Batting: LHB Ray Gruamach 0-0: Ball
1-0: Foul Ball, location: 2F
1-1: Swinging Strike
1-2: Ball
2-2: Ball
3-2: DOUBLE (Line Drive, 9LM, EV 106.3 MPH)
Eric Webb to third
Runner from 3rd tries for Home, SAFE, throw by RF to home
Batting: LHB Ernest West 0-0: Foul Ball, location: 2F
0-1: Ball
1-1: Swinging Strike
1-2: Fly out, F7 (Flyball, 7S, EV 81.9 MPH)
Runner from 2nd tags up, SAFE at 3rd with throw by LF
Batting: RHB Michael Newsome 0-0: Ball
1-0: Ball
2-0: Ball
3-0: Base on Balls
Batting: RHB Tyler Daniels 0-0: Ball
1-0: Called Strike
1-1: 3-RUN HOME RUN (Flyball, 78XD, EV 97.5 MPH), Distance : 416 ft
Batting: RHB Mun-wah Er 0-0: Foul Ball, location: 2F
0-1: Ball
1-1: Ball
2-1: Ball
3-1: Called Strike
3-2: Base on Balls
Batting: RHB Shi-ping Zha 0-0: Called Strike
0-1: Fielders Choice at 2nd, 4-6 (Groundball, 4M, EV 81.9 MPH)
Batting: RHB Duane Hansen 0-0: Called Strike
0-1: Called Strike
0-2: Ground out 1-3 (Groundball, 34S, EV 71.3 MPH)
Top of the 2nd over - 4 runs, 2 hits, 0 errors, 1 left on base; Colorado 4 - Seattle 0
BOTTOM OF THE 2ND
Seattle Mariners batting - Pitching for Colorado Rockies : RHP Bill Cook
Batting: RHB Rob Reid 0-0: Ball
1-0: SINGLE (Groundball, 4, EV 103.1 MPH) (infield hit)
Batting: RHB Álex Guzmán 0-0: Called Strike
0-1: Ball
1-1: Called Strike
1-2: Ball
2-2: Ball
3-2: Strikes out looking
Batting: RHB Greg Myers 0-0: Ball
1-0: Ball
2-0: Called Strike
2-1: Grounds into double play, 6-4-3 (Groundball, 6, EV 94.4 MPH)
Bottom of the 2nd over - 0 runs, 1 hit, 0 errors, 0 left on base; Colorado 4 - Seattle 0
TOP OF THE 3RD
Colorado Rockies batting - Pitching for Seattle Mariners : RHP Xavier Sánchez
Batting: RHB Vincent Watson 0-0: Ball
1-0: Ball
2-0: Ball
3-0: Called Strike
3-1: Fly out, F7 (Flyball, 78S, EV 82.5 MPH)
Batting: RHB Eric Webb 0-0: Foul Ball, location: 2F
0-1: Ball
1-1: Ball
2-1: Foul Ball, location: 2F
2-2: Ball
3-2: Strikes out swinging
Batting: LHB Ray Gruamach 0-0: Foul Ball, location: 2F
0-1: Ball
1-1: SINGLE (Line Drive, 89S, EV 97.5 MPH)
Batting: LHB Ernest West 0-0: Called Strike
0-1: Called Strike
0-2: Strikes out swinging
Top of the 3rd over - 0 runs, 1 hit, 0 errors, 1 left on base; Colorado 4 - Seattle 0
BOTTOM OF THE 3RD
Seattle Mariners batting - Pitching for Colorado Rockies : RHP Bill Cook
Batting: RHB Kurt Winston 0-0: Ball
1-0: Ground out U3 (Groundball, 34S, EV 70.6 MPH)
Batting: RHB Wilson García 0-0: Foul Ball, location: 2F
0-1: Swinging Strike
0-2: Ground out 1-3 (Groundball, 13S, EV 72.5 MPH)
Batting: LHB Artie Allen 0-0: Foul Ball, location: 2F
0-1: Called Strike
0-2: Ball
1-2: Strikes out swinging
Bottom of the 3rd over - 0 runs, 0 hits, 0 errors, 0 left on base; Colorado 4 - Seattle 0
TOP OF THE 4TH
Colorado Rockies batting - Pitching for Seattle Mariners : RHP Xavier Sánchez
Batting: RHB Michael Newsome 0-0: Foul Ball, location: 2F
0-1: Ball
1-1: Called Strike
1-2: Ball
2-2: Ball
3-2: Base on Balls
Batting: RHB Tyler Daniels 0-0: Foul Ball, location: 2F
0-1: Ball
1-1: Ground out 6-3 (Groundball, 6S, EV 66.3 MPH)
Michael Newsome to second
Batting: RHB Mun-wah Er 0-0: Called Strike
0-1: Called Strike
0-2: Ball
1-2: Strikes out swinging
Batting: RHB Shi-ping Zha 0-0: Ball
1-0: Ball
Michael Newsome steals 3rd base
2-0: Ball
3-0: SINGLE (Line Drive, 4D, EV 99.4 MPH)
Michael Newsome scores
Pitching: LHP Walton Hallamore
Batting: RHB Duane Hansen 0-0: Foul Ball, location: 2F
0-1: Fly out, F9 (Flyball, 89S, EV 88.1 MPH)
Top of the 4th over - 1 run, 1 hit, 0 errors, 1 left on base; Colorado 5 - Seattle 0
BOTTOM OF THE 4TH
Seattle Mariners batting - Pitching for Colorado Rockies : RHP Bill Cook
Batting: RHB Paul Doss 0-0: Ball
1-0: SINGLE (Groundball, 6MD, EV 101.3 MPH)
Batting: LHB Manny Ruíz 0-0: SINGLE (Groundball, 4MD, EV 100.0 MPH)
Paul Doss to second
Batting: LHB J.J. Hurst 0-0: Called Strike
0-1: Foul Ball, location: 2F
0-2: Strikes out looking
Batting: RHB Rob Reid 0-0: Ball
1-0: Ball
2-0: Called Strike
2-1: Foul Ball, location: 2F
2-2: Ball
3-2: Base on Balls
Paul Doss to third
Manny Ruíz to second
Batting: RHB Álex Guzmán 0-0: Swinging Strike
0-1: Foul Ball, location: 2F
0-2: Hit by Pitch
Paul Doss scores
Manny Ruíz to third
Rob Reid to second
Batting: RHB Greg Myers 0-0: Called Strike
0-1: Ball
1-1: Foul Ball, location: 2F
1-2: Strikes out swinging
Batting: RHB Kurt Winston 0-0: Ball
1-0: Swinging Strike
1-1: Fly out, F9 (Line Drive, 9, EV 93.1 MPH)
Bottom of the 4th over - 1 run, 2 hits, 0 errors, 3 left on base; Colorado 5 - Seattle 1
TOP OF THE 5TH
Colorado Rockies batting - Pitching for Seattle Mariners : LHP Walton Hallamore
Batting: RHB Vincent Watson 0-0: Ball
1-0: Hit by Pitch
Batting: RHB Eric Webb 0-0: Ball
1-0: Ball
2-0: Ball
3-0: Foul Ball, location: 2F
3-1: Fly out, F8 (Line Drive, 8LD, EV 103.8 MPH)
Batting: LHB Ray Gruamach 0-0: Fielders Choice at 2nd, 6-4 (Groundball, 6, EV 93.1 MPH)
Batting: LHB Ernest West 0-0: Ground out 3-1 (Groundball, 3, EV 99.4 MPH)
Top of the 5th over - 0 runs, 0 hits, 0 errors, 1 left on base; Colorado 5 - Seattle 1
BOTTOM OF THE 5TH
Seattle Mariners batting - Pitching for Colorado Rockies : RHP Bill Cook
Batting: RHB Wilson García 0-0: Called Strike
0-1: Ball
1-1: Foul Ball, location: 2F
1-2: Foul Ball, location: 2F
1-2: Ball
2-2: Strikes out swinging
Batting: LHB Artie Allen 0-0: Called Strike
0-1: Swinging Strike
0-2: Ball
1-2: Ground out U3 (Groundball, 3L, EV 104.4 MPH)
Batting: RHB Paul Doss 0-0: Ball
1-0: Fly out, F9 (Flyball, 9, EV 89.4 MPH)
Bottom of the 5th over - 0 runs, 0 hits, 0 errors, 0 left on base; Colorado 5 - Seattle 1
TOP OF THE 6TH
Colorado Rockies batting - Pitching for Seattle Mariners : LHP Walton Hallamore
Batting: RHB Michael Newsome 0-0: Ball
1-0: Foul Ball, location: 2F
1-1: Swinging Strike
1-2: Ball
2-2: Strikes out swinging
Batting: RHB Tyler Daniels 0-0: Ball
1-0: Ball
2-0: Foul Ball, location: 2F
2-1: Ball
3-1: Called Strike
3-2: Foul Ball, location: 2F
3-2: Base on Balls
Batting: RHB Mun-wah Er 0-0: Fly out, F9 (Flyball, 89D, EV 93.8 MPH)
Batting: RHB Shi-ping Zha 0-0: Called Strike
0-1: Foul Ball, location: 2F
0-2: Strikes out swinging
Top of the 6th over - 0 runs, 0 hits, 0 errors, 1 left on base; Colorado 5 - Seattle 1
BOTTOM OF THE 6TH
Seattle Mariners batting - Pitching for Colorado Rockies : RHP Bill Cook
Batting: LHB Manny Ruíz 0-0: Foul Ball, location: 2F
0-1: Foul Ball, location: 2F
0-2: Reached on error, E6 (Groundball, 6, EV 85.6 MPH)
Batting: LHB J.J. Hurst 0-0: Ball
1-0: Swinging Strike
1-1: Grounds into double play, 4-6-3 (Groundball, 4, EV 86.3 MPH)
Batting: RHB Rob Reid 0-0: Ball
1-0: Ball
2-0: Called Strike
2-1: SINGLE (Line Drive, 8LS, EV 92.5 MPH)
Batting: RHB Álex Guzmán 0-0: Foul Ball, location: 2F
0-1: Ball
1-1: Ball
2-1: Ball
3-1: Called Strike
3-2: Foul Ball, location: 2F
3-2: Foul Ball, location: 2F
3-2: Base on Balls
Rob Reid to second
Batting: RHB Greg Myers 0-0: Ball
1-0: Ground out 1-3 (Groundball, P, EV 91.9 MPH)
Bottom of the 6th over - 0 runs, 1 hit, 1 error, 2 left on base; Colorado 5 - Seattle 1
TOP OF THE 7TH
Colorado Rockies batting - Pitching for Seattle Mariners : LHP Walton Hallamore
Batting: RHB Duane Hansen 0-0: Called Strike
0-1: Foul Ball, location: 2F
0-2: Foul Ball, location: 2F
0-2: Ball
1-2: Ball
2-2: Strikes out swinging
Batting: RHB Vincent Watson 0-0: Called Strike
0-1: Ball
1-1: Ball
2-1: Called Strike
2-2: Foul Ball, location: 2F
2-2: Foul Ball, location: 2F
2-2: Strikes out swinging
Batting: RHB Eric Webb 0-0: Ball
1-0: Ball
2-0: Called Strike
2-1: Foul Ball, location: 2F
2-2: Ball
3-2: Strikes out swinging
Top of the 7th over - 0 runs, 0 hits, 0 errors, 0 left on base; Colorado 5 - Seattle 1
BOTTOM OF THE 7TH
Seattle Mariners batting - Pitching for Colorado Rockies : RHP Bill Cook
Pitching: RHP Manny Martínez
Batting: RHB Kurt Winston 0-0: Ground out 4-3 (Groundball, 4S, EV 86.9 MPH)
Batting: RHB Wilson García 0-0: Ball
1-0: Ball
2-0: Ball
3-0: Called Strike
3-1: Called Strike
3-2: Strikes out swinging
Batting: LHB Artie Allen 0-0: Foul Ball, location: 2F
0-1: Ball
1-1: Ball
2-1: Swinging Strike
2-2: SINGLE (Line Drive, 7S, EV 107.5 MPH)
Batting: RHB Paul Doss 0-0: Foul Ball, location: 2F
0-1: Ball
1-1: Swinging Strike
1-2: Strikes out swinging
Bottom of the 7th over - 0 runs, 1 hit, 0 errors, 1 left on base; Colorado 5 - Seattle 1
TOP OF THE 8TH
Colorado Rockies batting - Pitching for Seattle Mariners : LHP Walton Hallamore
Batting: LHB Ray Gruamach 0-0: Ball
1-0: SINGLE (Line Drive, 7LS, EV 105.6 MPH)
Pitching: RHP Billy Fitzgerald
Batting: LHB Ernest West 0-0: Fielders Choice at 2nd, 5-4 (Groundball, 56, EV 76.3 MPH)
Batting: RHB Michael Newsome 0-0: Ball
1-0: Ball
2-0: 2-RUN HOME RUN (Flyball, 7LD, EV 108.8 MPH), Distance : 357 ft
Batting: RHB Tyler Daniels 0-0: Foul Ball, location: 2F
0-1: Foul Ball, location: 2F
0-2: Strikes out looking
Batting: RHB Mun-wah Er 0-0: Called Strike
0-1: Ball
1-1: Foul Ball, location: 2F
1-2: Foul Ball, location: 2F
1-2: Ground out 6-3 (Groundball, 6, EV 106.3 MPH)
Top of the 8th over - 2 runs, 2 hits, 0 errors, 0 left on base; Colorado 7 - Seattle 1
BOTTOM OF THE 8TH
Seattle Mariners batting - Pitching for Colorado Rockies : RHP Manny Martínez
Batting: LHB Manny Ruíz 0-0: Ball
1-0: Ball
2-0: Ball
3-0: Called Strike
3-1: Foul Ball, location: 2F
3-2: Ground out 3-1 (Groundball, 34, EV 108.8 MPH)
Batting: LHB J.J. Hurst 0-0: Ball
1-0: Called Strike
1-1: Foul Ball, location: 2F
1-2: Ball
2-2: Foul Ball, location: 2F
2-2: Foul Ball, location: 2F
2-2: Strikes out swinging
Batting: RHB Rob Reid 0-0: Ball
1-0: Foul Ball, location: 2F
1-1: Called Strike
1-2: Strikes out swinging
Bottom of the 8th over - 0 runs, 0 hits, 0 errors, 0 left on base; Colorado 7 - Seattle 1
TOP OF THE 9TH
Colorado Rockies batting - Pitching for Seattle Mariners : RHP Billy Fitzgerald
Batting: RHB Shi-ping Zha 0-0: Called Strike
0-1: Foul Ball, location: 2F
0-2: Strikes out swinging
Batting: RHB Duane Hansen 0-0: Called Strike
0-1: SINGLE (Groundball, 56D, EV 102.5 MPH)
Batting: RHB Vincent Watson 0-0: Ball
1-0: Ball
2-0: Ball
3-0: Base on Balls
Duane Hansen to second
Batting: RHB Eric Webb 0-0: Grounds into double play, 6-4-3 (Groundball, 6, EV 102.5 MPH)
Top of the 9th over - 0 runs, 1 hit, 0 errors, 1 left on base; Colorado 7 - Seattle 1
BOTTOM OF THE 9TH
Seattle Mariners batting - Pitching for Colorado Rockies : RHP Manny Martínez
Batting: RHB Álex Guzmán 0-0: Ball
1-0: Called Strike
1-1: Swinging Strike
1-2: Foul Ball, location: 2F
1-2: Foul Ball, location: 2F
1-2: Ball
2-2: Ball
3-2: TRIPLE (Line Drive, 7D, EV 108.8 MPH)
Batting: RHB Greg Myers 0-0: Swinging Strike
0-1: Foul Ball, location: 2F
0-2: Strikes out swinging
Batting: RHB Kurt Winston 0-0: Called Strike
0-1: Ball
1-1: Swinging Strike
1-2: Strikes out swinging
Batting: RHB Wilson García 0-0: Ball
1-0: Ball
2-0: Called Strike
2-1: Ball
3-1: DOUBLE (Line Drive, 78XD, EV 100.6 MPH)
Álex Guzmán scores
Pitching: RHP Hirokazu Okada
Batting: LHB Artie Allen 0-0: Called Strike
0-1: Ball
1-1: Ball
2-1: Fly out, F8 (Flyball, 89M, EV 78.8 MPH)
Bottom of the 9th over - 1 run, 2 hits, 0 errors, 1 left on base; Colorado 7 - Seattle 2
Wednesday, December 18th, 2019 - OOTP Baseball 20.8 Build 73